 Dungeon Crawl Stone Soup version 0.27-a0-1200-g94dc6ad4cf (webtiles) character file.

Game seed: 17071263008979923606

349 mordus the Chiller (level 6, 0/45 HPs)
             Began as a Draconian Ice Elementalist on June 1, 2021.
             Was an Initiate of the Shining One.
             Slain by a troll (2 damage)
             ... on level 5 of the Dungeon.
             The game lasted 00:13:07 (4143 turns).

mordus the Chiller (Draconian Ice Elementalist)     Turns: 4143, Time: 00:13:07

Health: 0/45       AC: 15    Str: 10    XL:     6   Next: 33%
Magic:  5/12       EV: 12    Int: 17    God:    the Shining One [......]
Gold:   195        SH:  0    Dex: 12    Spells: 7/14 levels left

rFire    . . .     SeeInvis .   c - +0 dagger
rCold    . . .     Faith    .   (no shield)
rNeg     . . .     Spirit   .   (armour unavailable)
rPois    .         Reflect  .   (helmet restricted)
rElec    .         Harm     .   (no cloak)
rCorr    .         Rampage  .   (no gloves)
Will     .....                  a - +2 pair of boots
Stlth    +.........             (no amulet)
HPRegen  0.15/turn              (no ring)
MPRegen  0.13/turn              (no ring)

@: ice-armoured, freezing walls, glowing
A: AC +6, unfitting armour, cold-blooded
a: Renounce Religion


You were on level 5 of the Dungeon.
You worshipped the Shining One.
The Shining One was noncommittal.
You visited 2 branches of the dungeon, and saw 6 of its levels.

You collected 195 gold pieces.

Inventory:

Hand Weapons
 c - a +0 dagger (weapon)
Missiles
 e - 6 atropa-tipped darts
Armour
 a - a +2 pair of boots (worn)
Scrolls
 f - 4 scrolls of teleportation {unknown}
 g - 3 scrolls of identify {unknown}
 h - a scroll of enchant armour {unknown}
Potions
 b - 3 potions of curing {unknown}
 d - 4 potions of heal wounds {unknown}


   Skills:
 - Level 1.7 Dodging
 - Level 1.7 Stealth
 + Level 4.6 Spellcasting
 + Level 6.1 Ice Magic


You had 7 spell levels left.
You knew the following spells:

 Your Spells              Type           Power      Damage    Failure   Level
a - Freeze                Ice            96%        1d11      1%          1
b - Frozen Ramparts       Ice            48%        1d6       3%          3
c - Ozocubu's Armour      Ice            24%        N/A       3%          3

Your spell library contained the following spells:

 Spells                   Type           Power      Damage    Failure   Level
 Hailstorm                Conj/Ice       14%        3d5       38%         4
 Metabolic Englaciation   Hex/Ice        7%         N/A       75%         5


Dungeon Overview and Level Annotations

Branches:
Dungeon (5/15)             Temple (1/1) D:4

Altars:
Ashenzari
Cheibriados
Dithmenos
Elyvilon
Fedhas
Gozag
Hepliaklqana
Kikubaaqudgha
Makhleb
Nemelex Xobeh
Okawaru
Qazlal
Sif Muna
Trog
Uskayaw
Vehumet
Wu Jian
Yredelemnul
The Shining One

Shops:
D:4 [


Innate Abilities, Weirdness & Mutations

Your plain brown scales are hard. (AC +6)
You cannot fit into any form of body armour.
You are cold-blooded and may be slowed by cold attacks.


Message History

The centaur zombie resists.
The wall freezes the centaur zombie.
The wall freezes the troll.
The troll misses you. The troll barely misses you. x2
You hit the troll but do no damage.
The troll is lightly wounded.
The centaur zombie completely resists.
The wall freezes the centaur zombie but does no damage.
The wall freezes the troll.
The troll bites you but does no damage. The troll barely misses you.
The troll claws you!
The centaur zombie resists.
The wall freezes the centaur zombie.
You hit the troll.
The troll is moderately wounded.
The wall freezes the troll.
The troll bites you! The troll barely misses you.
The troll claws you but does no damage.
The centaur zombie completely resists.
The wall freezes the centaur zombie but does no damage.
You barely miss the troll.
The troll is heavily wounded.
The centaur zombie completely resists.
The wall freezes the centaur zombie but does no damage.
A gnoll opens the door.
The wall freezes the troll.
The troll bites you!
* * * LOW HITPOINT WARNING * * *
The troll misses you. The troll claws you but does no damage.
The centaur zombie resists.
The wall freezes the centaur zombie.
The wall freezes the troll!
The troll bites you but does no damage.
The troll claws you but does no damage. x2
You barely miss the troll.
The troll is severely wounded.
The centaur zombie completely resists.
The wall freezes the centaur zombie but does no damage.
The wall freezes the troll!
The troll barely misses you. x2
The troll misses you.
The centaur zombie completely resists.
The wall freezes the centaur zombie but does no damage.
The gnoll shouts!
You hit the troll but do no damage.
The troll is almost dead.
You hear a shout!
A gnoll comes into view. It is wielding a +0 whip.
The wall freezes the troll.
The troll bites you.
* * * LOW HITPOINT WARNING * * *
The troll claws you but does no damage. The troll claws you.
You die...

.### #####....
#.....!#
#######.#....
..........##.#.
#...†.>.....
#.....# #
#.....#####g.#..
#.....ZT@....'..
#.....########g.
#.....# #?....#
#.....# #.....#
.......#
.......#


You could see a troll, 2 gnolls and a centaur zombie.

Vanquished Creatures
  A scorpion (D:4)
  A howler monkey (D:5)
  A hound (D:4)
  A centaur skeleton (D:4)
  A hound skeleton (D:4)
  6 adders
  4 gnolls (D:2)
  An adder skeleton (D:4)
  5 dart slugs
  6 orcs
  3 endoplasms (D:4)
  3 giant cockroaches (D:2)
  8 goblins
  8 hobgoblins
  3 jackals (D:1)
  7 kobolds
  5 quokkas
  A ball python (D:3)
  5 bats
  2 frilled lizards (D:2)
  A quokka skeleton (D:4)
  7 rats
80 creatures vanquished.

Notes
Turn   | Place    | Note
-------+----------+-------------------------------------------
     0 | D:1      | mordus the Draconian Ice Elementalist began the quest for
                  | the Orb.
     0 | D:1      | Reached XP level 1. HP: 14/14 MP: 3/3
    53 | D:1      | You fall into a shaft and drop 1 floor!
    57 | D:2      | Reached XP level 2. HP: 20/20 MP: 0/5
   562 | D:1      | Reached XP level 3. HP: 26/26 MP: 5/7
   566 | D:1      | Learned a level 3 spell: Frozen Ramparts
   570 | D:1      | Learned a level 3 spell: Ozocubu's Armour
   969 | D:1      | Found a faded altar of an unknown god.
  1514 | D:2      | Reached XP level 4. HP: 31/33 MP: 4/8
  1606 | D:2      | Reached skill level 5 in Ice Magic
  2710 | D:3      | Reached XP level 5. HP: 38/38 MP: 7/10
  3303 | D:4      | Found a hide-covered altar of Uskayaw.
  3303 | D:4      | Found a snail-covered altar of Cheibriados.
  3323 | D:4      | Found a basalt altar of Yredelemnul.
  3403 | D:4      | Found a staircase to the Ecumenical Temple.
  3425 | Temple   | Entered the Ecumenical Temple
  3673 | Temple   | Became a worshipper of the Shining One
  3953 | D:4      | Found Junuuk Fyim's Armour Boutique.
  3963 | D:4      | Reached skill level 6 in Ice Magic
  3963 | D:4      | Reached XP level 6. HP: 42/45 MP: 9/12
  4121 | D:5      | Entered Level 5 of the Dungeon
  4124 | D:5      | Noticed a troll
  4143 | D:5      | HP: 2/45 [troll (6)]
  4143 | D:5      | Slain by a troll

Illustrated notes

Levels and vault maps discovered:
D:1:      amcnicky_arrival_feature_with_door, layout_basic,
          shapermc_ecumenical_altar_venn, amcnicky_mini_corridor_feature
D:2:      layout_basic, serial_bayou_pond_b, chequers_serial_rivers_room_a
D:3:      layout_rooms, nicolae_underground_beach
D:4:      layout_rooms, gammafunk_temple_overflow_forgotten,
          minmay_temple_entry_ruins, serial_shops, nicolae_shop_waterfront
D:5:      layout_basic
Temple:   eino_temple_rhombus

Skill      XL: |  1  2  3  4  5 |
---------------+----------------+-----
Spellcasting   | 3 4 |  4.6
Ice Magic      | 5 6 |  6.1
Dodging        | |  1.7
Stealth        | |  1.7

Action                   |  1- 3 |  4- 6 || total
-------------------------+-------+-------++-------
Melee: Dagger            |    10 |    72 ||    82
       Unarmed           |     7 |       ||     7
       Tailslap          |     2 |     8 ||    10
 Cast: Freeze            |    40 |    34 ||    74
       Frozen Ramparts   |     2 |     7 ||     9
       Ozocubu's Armour  |       |     2 ||     2
 Stab: Sleeping          |     1 |     2 ||     3
Armor: Skin              |    21 |    47 ||    68
Dodge: Dodged            |    31 |   103 ||   134

Table legend: (Time is in decaauts)
 A = Elapsed time spent in this place.
 B = Non-inter-level travel time spent in this place.
 C = Inter-level travel time spent in this place.
 D = Time resting spent in this place.
 E = Time spent auto-exploring this place.
 F = Levels seen in this place.
 G = Mean time per level.
                   A        B        C        D        E       F      G
               +--------+--------+--------+--------+--------+-----+--------+
         Total |   4150 |   4013 |    137 |    465 |   2776 |   6 |  691.7 |
       Dungeon |   3887 |   3750 |    137 |    465 |   2565 |   5 |  777.4 |
        Temple |    262 |    262 |      0 |      0 |    211 |   1 |  262.0 |
               +--------+--------+--------+--------+--------+-----+--------+

Top non-repeatable levels by time:
     D:2: 1496 daAuts
     D:1: 1036 daAuts
     D:3: 750 daAuts
     D:4: 581 daAuts
  Temple: 262 daAuts
     D:5: 21 daAuts
